| TOP OF THE 1ST |
|
Phoenix Giants batting - Pitching for San Jose Missions : RHP Tim Hamm
|
|
Pitching: RHP Tim Hamm
|
|
|
Batting: LHB Bobby V Mitchell
|
0-0: Ball 1-0: Swinging Strike 1-1: Ball 2-1: Foul Ball, location: 2F 2-2: Ball 3-2: Strikes out swinging
|
|
Batting: SHB Larry Milbourne
|
0-0: Fly out, F7 (Flyball, 7LS, EV 88.8 MPH)
|
|
Batting: LHB Ernie Riles
|
0-0: Ball 1-0: Fly out, F8 (Flyball, 8LD, EV 98.1 MPH)
|
| Top of the 1st over - 0 runs, 0 hits, 0 errors, 0 left on base; Phoenix 0 - San Jose 0 |
| BOTTOM OF THE 1ST |
|
San Jose Missions batting - Pitching for Phoenix Giants : RHP Phil Huffman
|
|
Pitching: RHP Phil Huffman
|
|
|
Batting: SHB Curt Bryan
|
0-0: Ground out 4-3 (Groundball, 4, EV 80.0 MPH)
|
|
Batting: RHB Vance Law
|
0-0: Called Strike 0-1: Foul Ball, location: 2F 0-2: Ball 1-2: Foul Ball, location: 2F 1-2: Ball 2-2: Fly out, F7 (Flyball, 7, EV 87.5 MPH)
|
|
Batting: SHB Bip Roberts
|
0-0: Ball 1-0: Called Strike 1-1: Foul Ball, location: 2F 1-2: Strikes out looking
|
| Bottom of the 1st over - 0 runs, 0 hits, 0 errors, 0 left on base; Phoenix 0 - San Jose 0 |
| TOP OF THE 2ND |
|
Phoenix Giants batting - Pitching for San Jose Missions : RHP Tim Hamm
|
|
Batting: SHB John Macauley
|
0-0: Ball 1-0: Ground out U3 (Groundball, 3L, EV 100.0 MPH)
|
|
Batting: RHB Paul Zuvella
|
0-0: Ball 1-0: Ball 2-0: Ball 3-0: Called Strike 3-1: Called Strike 3-2: Strikes out swinging
|
|
Batting: LHB Raymond Rivas
|
0-0: Fly out, F8 (Flyball, 8RD, EV 103.8 MPH)
|
| Top of the 2nd over - 0 runs, 0 hits, 0 errors, 0 left on base; Phoenix 0 - San Jose 0 |
| BOTTOM OF THE 2ND |
|
San Jose Missions batting - Pitching for Phoenix Giants : RHP Phil Huffman
|
|
Batting: LHB Marvell Wynne
|
0-0: Called Strike 0-1: Ground out 6-3 (Groundball, 56, EV 97.5 MPH)
|
|
Batting: LHB Steven Michael
|
0-0: Fly out, F3 (Popup, 3, EV 69.4 MPH)
|
|
Batting: SHB David Piller
|
0-0: Called Strike 0-1: Ball 1-1: Foul Ball, location: 2F 1-2: Foul Ball, location: 2F 1-2: Ground out 4-3 (Groundball, 4D, EV 105.0 MPH)
|
| Bottom of the 2nd over - 0 runs, 0 hits, 0 errors, 0 left on base; Phoenix 0 - San Jose 0 |
| TOP OF THE 3RD |
|
Phoenix Giants batting - Pitching for San Jose Missions : RHP Tim Hamm
|
|
Batting: SHB Razor Shines
|
0-0: Ball 1-0: SINGLE (Line Drive, 78S, EV 105.0 MPH)
|
|
Batting: LHB Joseph Bruno
|
0-0: Called Strike 0-1: Foul Ball, location: 2F 0-2: Strikes out looking and he ARGUES THE CALL AND IS TOSSED!
|
|
Batting: LHB Frank Gill
|
0-0: Foul Ball, location: 2F 0-1: Ball 1-1: Ball 2-1: Called Strike 2-2: Ball 3-2: Strikes out swinging Razor Shines steals 2nd base Batter strikes out.
|
|
Batting: LHB Bobby V Mitchell
|
0-0: Ball 1-0: Foul Ball, location: 2F 1-1: Ball 2-1: Ground out 4-3 (Groundball, 4, EV 79.4 MPH)
|
| Top of the 3rd over - 0 runs, 1 hit, 0 errors, 1 left on base; Phoenix 0 - San Jose 0 |
| BOTTOM OF THE 3RD |
|
San Jose Missions batting - Pitching for Phoenix Giants : RHP Phil Huffman
|
|
Now in LF: Mike Reynolds
|
|
|
Batting: LHB Jack Perconte
|
0-0: Ball 1-0: Ball 2-0: Ball 3-0: Base on Balls
|
|
Batting: LHB Rich Gedman
|
0-0: Ball 1-0: Foul Ball, location: 2F 1-1: Ball 2-1: Ball 3-1: Fly out, F5 (Popup, 56, EV 53.1 MPH)
|
|
Batting: LHB Jesus Valerio
|
0-0: Ball 1-0: Foul Ball, location: 2F 1-1: Ball 2-1: Fly out, F7 (Flyball, 78D, EV 97.5 MPH)
|
|
Batting: SHB Curt Bryan
|
0-0: Ball 1-0: Swinging Strike 1-1: Ball 2-1: Ball 3-1: Swinging Strike 3-2: Base on Balls Jack Perconte to second
|
|
Batting: RHB Vance Law
|
0-0: Fielders Choice at 2nd, 5-4 (Groundball, 5, EV 83.8 MPH)
|
| Bottom of the 3rd over - 0 runs, 0 hits, 0 errors, 2 left on base; Phoenix 0 - San Jose 0 |
| TOP OF THE 4TH |
|
Phoenix Giants batting - Pitching for San Jose Missions : RHP Tim Hamm
|
|
Batting: SHB Larry Milbourne
|
0-0: Ball 1-0: Ball 2-0: Ball 3-0: Base on Balls
|
|
Batting: LHB Ernie Riles
|
0-0: Called Strike 0-1: Ball 1-1: Ball 2-1: Ball 3-1: Hit by Pitch Larry Milbourne to second
|
|
Batting: SHB John Macauley
|
0-0: Swinging Strike 0-1: Called Strike 0-2: Ball 1-2: Foul Ball, location: 2F 1-2: Ball 2-2: Ball 3-2: Base on Balls Larry Milbourne to third Ernie Riles to second
|
|
Batting: RHB Paul Zuvella
|
0-0: Fly out, F4 (Line Drive, 4, EV 67.5 MPH)
|
|
Batting: LHB Raymond Rivas
|
0-0: Ball 1-0: Ball 2-0: SINGLE (Groundball, 6M, EV 95.0 MPH) Larry Milbourne scores Ernie Riles to third John Macauley to second Runner from 3rd tries for Home, SAFE, throw by CF to home
|
|
Batting: SHB Razor Shines
|
0-0: Ball 1-0: Called Strike 1-1: SINGLE (Groundball, 34D, EV 102.5 MPH) John Macauley to third Raymond Rivas to second Runner from 3rd tries for Home, SAFE, throw by RF to home
|
|
Batting: LHB Mike Reynolds
|
0-0: Fly out, F8 (Flyball, 78D, EV 88.8 MPH)
|
|
Batting: LHB Frank Gill
|
0-0: Called Strike 0-1: Foul Ball, location: 2F 0-2: Ball 1-2: Strikes out swinging
|
| Top of the 4th over - 3 runs, 2 hits, 0 errors, 2 left on base; Phoenix 3 - San Jose 0 |
| BOTTOM OF THE 4TH |
|
San Jose Missions batting - Pitching for Phoenix Giants : RHP Phil Huffman
|
|
Batting: SHB Bip Roberts
|
0-0: Ball 1-0: Ball 2-0: Called Strike 2-1: SINGLE (Flyball, 8LS, EV 91.9 MPH)
|
|
Batting: LHB Marvell Wynne
|
0-0: Ball Bip Roberts is caught stealing 2nd base 2-6 1-0: Ground out U3 (Groundball, 3, EV 88.1 MPH)
|
|
Batting: LHB Steven Michael
|
0-0: Ball 1-0: Ball 2-0: Foul Ball, location: 2F 2-1: Ground out 2-3 (Groundball, 15S, EV 68.8 MPH)
|
| Bottom of the 4th over - 0 runs, 1 hit, 0 errors, 0 left on base; Phoenix 3 - San Jose 0 |
| TOP OF THE 5TH |
|
Phoenix Giants batting - Pitching for San Jose Missions : RHP Tim Hamm
|
|
Batting: LHB Bobby V Mitchell
|
0-0: Foul Ball, location: 2F 0-1: Ground out U3 (Groundball, 34S, EV 87.5 MPH)
|
|
Batting: SHB Larry Milbourne
|
0-0: Called Strike 0-1: Ball 1-1: Ground out 4-3 (Groundball, 4, EV 100.6 MPH)
|
|
Batting: LHB Ernie Riles
|
0-0: Foul Ball, location: 2F 0-1: Ball 1-1: Ground out U3 (Groundball, 3, EV 91.9 MPH)
|
| Top of the 5th over - 0 runs, 0 hits, 0 errors, 0 left on base; Phoenix 3 - San Jose 0 |
| BOTTOM OF THE 5TH |
|
San Jose Missions batting - Pitching for Phoenix Giants : RHP Phil Huffman
|
|
Batting: SHB David Piller
|
0-0: Called Strike 0-1: Ball 1-1: Reached on error, E9 (Flyball, 89XD, EV 111.9 MPH)
|
|
Batting: LHB Jack Perconte
|
0-0: SINGLE (Groundball, 4MD, EV 100.6 MPH) David Piller to third Runner from 3rd tries for Home, throw by CF and OUT! 8-2
|
|
Batting: LHB Rich Gedman
|
0-0: Swinging Strike 0-1: Ball 1-1: Foul Ball, location: 2F 1-2: SINGLE (Groundball, 56D, EV 105.0 MPH) Jack Perconte to second
|
|
Batting: LHB Jesus Valerio
|
0-0: Ball 1-0: Called Strike 1-1: Swinging Strike 1-2: Foul Ball, location: 2F 1-2: Strikes out swinging
|
|
Batting: SHB Curt Bryan
|
0-0: Called Strike 0-1: Ball 1-1: Ball 2-1: Foul Ball, location: 2F 2-2: Ball 3-2: Fly out, F8 (Flyball, 8LXD, EV 90.6 MPH)
|
| Bottom of the 5th over - 0 runs, 2 hits, 1 error, 2 left on base; Phoenix 3 - San Jose 0 |
| TOP OF THE 6TH |
|
Phoenix Giants batting - Pitching for San Jose Missions : RHP Tim Hamm
|
|
Batting: SHB John Macauley
|
0-0: Ball 1-0: Ball 2-0: Ball 3-0: Called Strike 3-1: Base on Balls
|
|
Batting: RHB Paul Zuvella
|
0-0: Ball 1-0: Ball 2-0: Ball 3-0: Called Strike 3-1: Foul Ball, location: 2F 3-2: Base on Balls John Macauley to second
|
|
Batting: LHB Raymond Rivas
|
0-0: Ball 1-0: Ball 2-0: Ball 3-0: Base on Balls John Macauley to third Paul Zuvella to second
|
|
Batting: SHB Razor Shines
|
0-0: Foul Ball, location: 2F 0-1: Swinging Strike 0-2: Ball 1-2: Strikes out swinging
|
|
Batting: LHB Mike Reynolds
|
0-0: Called Strike 0-1: Fly out, F7 (Flyball, 7, EV 96.9 MPH)
|
|
Batting: LHB Frank Gill
|
0-0: Swinging Strike 0-1: Called Strike 0-2: Ground out 6-3 (Groundball, 6M, EV 106.9 MPH)
|
| Top of the 6th over - 0 runs, 0 hits, 0 errors, 3 left on base; Phoenix 3 - San Jose 0 |
| BOTTOM OF THE 6TH |
|
San Jose Missions batting - Pitching for Phoenix Giants : RHP Phil Huffman
|
|
Batting: RHB Vance Law
|
0-0: Ball 1-0: Swinging Strike 1-1: Foul Ball, location: 2F 1-2: Foul Ball, location: 2F 1-2: Ball 2-2: Foul Ball, location: 2F 2-2: Foul Ball, location: 2F 2-2: Foul Ball, location: 2F 2-2: Foul Ball, location: 2F 2-2: SINGLE (Groundball, 56D, EV 108.8 MPH)
|
|
Batting: SHB Bip Roberts
|
0-0: Called Strike 0-1: DOUBLE (Line Drive, 78D, EV 108.8 MPH) Vance Law to third
|
|
Batting: LHB Marvell Wynne
|
0-0: Fly out, F5 (Popup, 5SF, EV 71.9 MPH)
|
|
Batting: LHB Steven Michael
|
0-0: Ball 1-0: Foul Ball, location: 2F 1-1: Ball 2-1: Ball 3-1: Fly out, F9 (Flyball, 9, EV 85.6 MPH) Runner from 3rd tags up, OUT at HOME! 9-2
|
| Bottom of the 6th over - 0 runs, 2 hits, 0 errors, 1 left on base; Phoenix 3 - San Jose 0 |
| TOP OF THE 7TH |
|
Phoenix Giants batting - Pitching for San Jose Missions : RHP Tim Hamm
|
|
Batting: LHB Bobby V Mitchell
|
0-0: Ball 1-0: Swinging Strike 1-1: Ball 2-1: Ground out 4-3 (Groundball, 4, EV 102.5 MPH)
|
|
Batting: SHB Larry Milbourne
|
0-0: Ground out 5-3 (Groundball, 56S, EV 66.9 MPH)
|
|
Batting: LHB Ernie Riles
|
0-0: SINGLE (Groundball, 4D, EV 110.6 MPH)
|
|
Batting: SHB John Macauley
|
0-0: Ball 1-0: Ball 2-0: Called Strike 2-1: Foul Ball, location: 2F 2-2: Ball 3-2: SINGLE (Groundball, 56D, EV 105.0 MPH) Ernie Riles to second Ernie Riles to third
|
|
Batting: RHB Paul Zuvella
|
0-0: Foul Ball, location: 2F 0-1: SINGLE (Groundball, 3S, EV 63.8 MPH) (infield hit) Ernie Riles scores John Macauley to second
|
|
Batting: LHB Raymond Rivas
|
0-0: Called Strike 0-1: Ball 1-1: Fly out, F6 (Flyball, 6D, EV 91.9 MPH)
|
| Top of the 7th over - 1 run, 3 hits, 0 errors, 2 left on base; Phoenix 4 - San Jose 0 |
| BOTTOM OF THE 7TH |
|
San Jose Missions batting - Pitching for Phoenix Giants : RHP Phil Huffman
|
|
Batting: SHB David Piller
|
0-0: Ball 1-0: Foul Ball, location: 2F 1-1: Foul Ball, location: 2F 1-2: Ball 2-2: Ground out 6-3 (Groundball, 6, EV 93.1 MPH)
|
|
Batting: LHB Jack Perconte
|
0-0: Called Strike 0-1: Called Strike 0-2: Ball 1-2: Ball 2-2: Foul Ball, location: 2F 2-2: Strikes out swinging
|
|
Batting: LHB Rich Gedman
|
0-0: Ball 1-0: Called Strike 1-1: Ball 2-1: Ground out 1-3 (Groundball, 13S, EV 66.9 MPH)
|
| Bottom of the 7th over - 0 runs, 0 hits, 0 errors, 0 left on base; Phoenix 4 - San Jose 0 |
| TOP OF THE 8TH |
|
Phoenix Giants batting - Pitching for San Jose Missions : RHP Tim Hamm
|
|
Pitching: RHP William Swiacki
|
|
|
Batting: SHB Razor Shines
|
0-0: Ball 1-0: Ball 2-0: Foul Ball, location: 2F 2-1: Fly out, F8 (Line Drive, 8LD, EV 86.3 MPH)
|
|
Batting: LHB Mike Reynolds
|
0-0: Ball 1-0: Ball 2-0: Called Strike 2-1: Ball 3-1: Base on Balls
|
|
Batting: LHB Frank Gill
|
0-0: Ball 1-0: Ball 2-0: Ball 3-0: Called Strike 3-1: Fly out, F8 (Flyball, 8RM, EV 88.1 MPH)
|
|
Batting: LHB Bobby V Mitchell
|
0-0: Ball 1-0: Ball 2-0: Fly out, F7 (Line Drive, 7, EV 98.1 MPH)
|
| Top of the 8th over - 0 runs, 0 hits, 0 errors, 1 left on base; Phoenix 4 - San Jose 0 |
| BOTTOM OF THE 8TH |
|
San Jose Missions batting - Pitching for Phoenix Giants : RHP Phil Huffman
|
|
Pitching: RHP John Littlefield
|
|
|
Batting: LHB Jesus Valerio
|
0-0: Ball 1-0: Foul Ball, location: 2F 1-1: SINGLE (Groundball, 6MD, EV 99.4 MPH)
|
|
Batting: SHB Curt Bryan
|
0-0: Ball 1-0: SINGLE (Groundball, 56S, EV 60.0 MPH) (infield hit) Jesus Valerio to second
|
|
Batting: RHB Vance Law
|
0-0: Foul Ball, location: 2F 0-1: Swinging Strike 0-2: Ball 1-2: Ball 2-2: Ball 3-2: Base on Balls Jesus Valerio to third Curt Bryan to second
|
|
Batting: SHB Bip Roberts
|
0-0: Ball 1-0: SINGLE (Flyball, 8LS, EV 94.4 MPH) Jesus Valerio scores Curt Bryan to third Vance Law to second
|
|
Batting: LHB Marvell Wynne
|
0-0: Ball 1-0: Swinging Strike 1-1: Ball 2-1: Foul Ball, location: 2F 2-2: Ball 3-2: Foul Ball, location: 2F 3-2: Fly out, F7 (Flyball, 7D, EV 78.1 MPH) Runner from 3rd tags up, SCORES, throw by LF
|
|
Pinch Runner at 2nd Raymond Alonzo:
|
|
|
Batting: LHB Steven Michael
|
0-0: Called Strike 0-1: SINGLE (Groundball, 6D, EV 97.5 MPH) Raymond Alonzo to third Bip Roberts to second Runner from 3rd tries for Home, SAFE, throw by LF to home
|
|
Batting: SHB David Piller
|
0-0: Ball 1-0: Sac Bunt to 25 - play at first, batter OUT! 5-4 Bip Roberts to third Steven Michael to second
|
|
Batting: LHB Jack Perconte
|
0-0: Called Strike 0-1: Swinging Strike 0-2: Ground out 5-3 (Groundball, 56, EV 81.9 MPH)
|
| Bottom of the 8th over - 3 runs, 4 hits, 0 errors, 2 left on base; Phoenix 4 - San Jose 3 |
| TOP OF THE 9TH |
|
Phoenix Giants batting - Pitching for San Jose Missions : RHP William Swiacki
|
|
Now at 3B: Paul Runge
|
|
|
Batting: SHB Larry Milbourne
|
0-0: Ball 1-0: Ball 2-0: Fly out, F9 (Flyball, 89M, EV 91.9 MPH)
|
|
Batting: LHB Ernie Riles
|
0-0: Ground out 5-3 (Groundball, 56, EV 86.3 MPH)
|
|
Batting: SHB John Macauley
|
0-0: Called Strike 0-1: Foul Ball, location: 2F 0-2: Ball 1-2: Foul Ball, location: 2F 1-2: Strikes out looking
|
| Top of the 9th over - 0 runs, 0 hits, 0 errors, 0 left on base; Phoenix 4 - San Jose 3 |
| BOTTOM OF THE 9TH |
|
San Jose Missions batting - Pitching for Phoenix Giants : RHP John Littlefield
|
|
Pitching: RHP Charles Davis
|
|
|
Now at 1B: Adam Veldman
|
|
|
Batting: LHB Rich Gedman
|
0-0: Called Strike 0-1: Ball 1-1: Called Strike 1-2: SINGLE (Groundball, 6M, EV 98.1 MPH)
|
|
Batting: LHB Jesus Valerio
|
0-0: Swinging Strike 0-1: Ball 1-1: Swinging Strike 1-2: Strikes out swinging
|
|
Batting: SHB Curt Bryan
|
0-0: Ball 1-0: Ball 2-0: Foul Ball, location: 2F 2-1: Swinging Strike 2-2: Fielders Choice at 2nd, 4-6 (Groundball, 4, EV 85.0 MPH)
|
|
Batting: RHB Paul Runge
|
Pickoff Throw to First - Out! 1-3
|
| Bottom of the 9th over - 0 runs, 1 hit, 0 errors, 0 left on base; Phoenix 4 - San Jose 3 |
|